 Dungeon Crawl Stone Soup version 0.32-a0-350-g4f4d228785 (webtiles) character file.

Game seed: 7805005261965451392

536 Strat the Caller (level 7, 58/59 HPs)
             Began as a Purple Draconian Summoner on Feb 17, 2024.
             Quit the game in an ossuary.
             The game lasted 00:05:57 (2344 turns).

Strat the Caller (Purple Draconian Summoner)        Turns: 2344, Time: 00:05:57

Health: 58/59      AC:  7    Str: 13    XL:     7   Next: 4%
Magic:  7/11       EV: 11    Int: 17    God:
Gold:   152        SH:  0    Dex:  7    Spells: 6/12 levels left

rFire   . . .        b - +6 sling of Ciuvethriu {freeze, rPois Str+3 Dex-5}
rCold   . . .        (no shield)
rNeg    + . .        (body armour unavailable)
rPois   +            (helmet restricted)
rElec   .            l - +0 cloak
rCorr   .            (no gloves)
SInv    .            (no boots)
Will    ++...        (no amulet)
Stlth   +            i - ring of positive energy
HPRegen 0.29/turn    q - ring of willpower
MPRegen 0.12/turn

%: no passive effects
@: inugami summoned
A: breathe power, AC +6, unfitting armour, cold-blooded
a: Breathe Dispelling Energy


You were in an ossuary.
You visited 1 branch of the dungeon, and saw 4 of its levels.
You also visited: Ossuary.

You collected 152 gold pieces.

Inventory:

Hand Weapons
 a - a +0 dagger of draining
 b - the +6 sling of Ciuvethriu (weapon) {freeze, rPois Str+3 Dex-5}
   (You found it on level 2 of the Dungeon)

   Str+3:     It affects your strength (+3).
   Dex-5:     It affects your dexterity (-5).
   rPois:     It protects you from poison
Armour
 l - a +0 cloak (worn)
Jewellery
 i - a ring of positive energy (left hand)
 q - a ring of willpower (right hand)
Scrolls
 h - a scroll of immolation {unknown}
 j - a scroll of noise {unknown}
 k - 3 scrolls of identify {unknown}
 n - a scroll of revelation {unknown}
 o - a scroll of amnesia {unknown}
 p - a scroll of silence {unknown}
Potions
 c - a potion of might {unknown}
 d - a potion of ambrosia {unknown}
 e - 2 potions of curing {unknown}
 f - a potion of magic
 g - a potion of brilliance {unknown}
 m - a potion of lignification {unknown}


   Skills:
 - Level 4.0 Fighting
 - Level 1.9 Dodging
 - Level 1.9 Stealth
 + Level 3.2 Spellcasting
 + Level 7.2 Summonings


You had 6 spell levels left.
You knew the following spells:

 Your Spells              Type           Power      Damage    Failure   Level
a - Summon Small Mammal   Summ           100%       N/A       1%          1
b - Call Imp              Summ           54%        N/A       1%          2
c - Call Canine Familiar  Summ           27%        N/A       2%          3

Your spell library contained the following spells:

 Spells                   Type           Power      Damage    Failure   Level
 Summon Blazeheart Golem  Fire/Summ      15%        N/A       36%         4
 Summon Lightning Spire   Summ/Air       15%        N/A       36%         4


Dungeon Overview and Level Annotations

Branches:
Dungeon (4/15)            Ossuary (1/1)
 Temple: D:4-7

Altars:


Innate Abilities, Weirdness & Mutations

You can breathe bolts of dispelling energy.
Your rich purple scales are hard. (AC +6)
You cannot fit into any form of body armour.
You are cold-blooded and may be slowed by cold attacks.


Message History

Your cerulean imp hits the centaur zombie with a -2 spear.
The centaur zombie hits your cerulean imp.
The centaur zombie kicks your cerulean imp.
The centaur zombie completely misses your cerulean imp.
The centaur zombie closely misses your cerulean imp.
Your cerulean imp hits the centaur zombie with a -2 spear.
The centaur zombie hits your cerulean imp but does no damage.
The centaur zombie kicks your cerulean imp but does no damage.
Your cerulean imp hits the centaur zombie with a -2 spear.
The centaur zombie closely misses your cerulean imp.
The centaur zombie kicks your cerulean imp.
Casting: Call Imp (safe; 1% risk of failure)
Confirm with . or Enter, or press ? or * to list all spells.
You call for your canine familiar and it appears with a howl!
The centaur zombie hits your cerulean imp but does no damage.
The centaur zombie closely misses your cerulean imp.
Your inugami hits the centaur zombie but does no damage.
The centaur zombie closely misses your cerulean imp.
The centaur zombie kicks your cerulean imp.
Your inugami hits the centaur zombie. You shoot a sling bullet.
The sling bullet hits the centaur zombie!
The centaur zombie is severely damaged.
The centaur zombie hits you but does no damage.
The centaur zombie kicks you.
Your cerulean imp hits the centaur zombie with a -2 spear.
The centaur zombie hits your cerulean imp.
Your cerulean imp dies!
Your cerulean imp disappears in a puff of smoke!
Your inugami hits the centaur zombie! You shoot a sling bullet.
The sling bullet hits the centaur zombie.
You destroy the centaur zombie!
You have reached level 7!
Your scales start taking on a rich purple colour.
You learn Spellcasting much quicker.
Your Spellcasting skill increases to level 3!
You learn Hexes much quicker.
You learn Evocations quicker.
You can breathe bolts of dispelling energy.
Are you sure you want to abandon this character and quit the game? (Confirm with "yes".)

#...# ....# #ZZ.
#...# ....## #...
#.Z.# .... #... #...#
#..# #... #..Z# #^^#
#... #..h# #..# #...
#..§######^.######...
#....................
#..§@....ß..ß........
#...............M....
#....................
#####################


You could see an orc zombie, an elf zombie (ally target) and a friendly inugami
(summoned).

Vanquished Creatures
  2 centaur zombies (Ossuary)
  4 hound zombies (Ossuary)
  4 adders
  A ribbon worm (D:2)
  4 orcs (D:4)
  2 endoplasms
  2 giant cockroaches
  2 gnoll zombies (Ossuary)
  5 goblins
  4 hobgoblins
  3 kobolds
  6 ball pythons
  8 bats
  A frilled lizard (D:1)
  4 kobold zombies (Ossuary)
  An orc zombie (Ossuary)
  2 rats
55 creatures vanquished.

Vanquished Creatures (collateral kills)
  An elf zombie (Ossuary)
  A hound (D:3)
  An iguana (D:4)
  Jessica (D:2)
  2 hound zombies (Ossuary)
  5 adders
  2 adder zombies (Ossuary)
  A ribbon worm (D:3)
  A ball python (D:2)
  2 bats
  4 endoplasms
  4 gnoll zombies (Ossuary)
  3 kobolds (D:1)
  2 jackal zombies (Ossuary)
  A kobold zombie (Ossuary)
  3 rats (D:1)
34 creatures vanquished.

Grand Total: 89 creatures vanquished

Notes
Turn   | Place    | Note
-------+----------+-------------------------------------------
     0 | D:1      | Strat the Draconian Summoner began the quest for the Orb.
     0 | D:1      | Reached XP level 1. HP: 14/14 MP: 3/3
   132 | D:1      | Reached XP level 2. HP: 22/22 MP: 1/5
   181 | D:1      | Learned a level 2 spell: Call Imp
   207 | D:1      | Reached skill level 1 in Fighting
   465 | D:1      | Found a faded altar of an unknown god.
   519 | D:1      | Reached XP level 3. HP: 28/28 MP: 6/6
   638 | D:2      | Identified the +6 sling of Ciuvethriu {freeze, rPois Str+3
                  | Dex-5}
   912 | D:2      | Reached XP level 4. HP: 37/37 MP: 7/7
   916 | D:2      | Learned a level 3 spell: Call Canine Familiar
  1190 | D:2      | Noticed Jessica
  1196 | D:2      | Killed Jessica
  1197 | D:2      | Reached skill level 5 in Summonings
  1295 | D:3      | Reached XP level 5. HP: 44/45 MP: 3/8
  1824 | D:4      | Reached skill level 6 in Summonings
  1949 | D:4      | Reached XP level 6. HP: 52/52 MP: 9/9
  1979 | D:4      | Found a sand-covered staircase.
  1992 | Ossuary  | Entered an ossuary
  2203 | Ossuary  | Reached skill level 7 in Summonings
  2344 | Ossuary  | Your scales start taking on a rich purple colour.
  2344 | Ossuary  | Reached XP level 7. HP: 58/59 MP: 7/11
  2344 | Ossuary  | Quit the game

Illustrated notes

Levels and vault maps discovered:
D:1:      tarquinn_simple_flora_water_c, layout_rooms,
          shapermc_ecumenical_altar_acropolis
D:2:      layout_loops_ring, uniq_jessica
D:3:      layout_basic
D:4:      layout_loops_ring, enter_ossuary_5, abandoned_shop,
          grunt_ministairs_15
Ossuary:  ossuary_tomb_1

Skill      XL: |  1  2  3  4  5  6 |
---------------+-------------------+-----
Fighting       | 1 2 3 4 |  4.0
Summonings     | 5 6 7 |  7.2
Spellcasting   | 3 |  3.2
Dodging        | |  1.9
Stealth        | |  1.9

Action                     |  1- 3 |  4- 6 |  7- 9 || total
---------------------------+-------+-------+-------++-------
  Melee: Unarmed           |     4 |       |       ||     4
         Tailslap          |     2 |       |       ||     2
         Short sword       |    25 |     4 |       ||    29
   Fire: Sling             |    23 |   135 |       ||   158
   Cast: Summon Small Mamm |     6 |       |       ||     6
         Call Imp          |     5 |    14 |       ||    19
         Call Canine Famil |       |     6 |       ||     6
 Armour: Skin              |    22 |    81 |       ||   103
  Dodge: Dodged            |    28 |    68 |       ||    96

Table legend: (Time is in decaauts)
 A = Elapsed time spent in this place.
 B = Non-inter-level travel time spent in this place.
 C = Inter-level travel time spent in this place.
 D = Time resting spent in this place.
 E = Time spent auto-exploring this place.
 F = Levels seen in this place.
 G = Mean time per level.
                   A        B        C        D        E       F      G
               +--------+--------+--------+--------+--------+-----+--------+
         Total |   2404 |   2355 |     49 |     43 |   1603 |   5 |  480.8 |
       Dungeon |   2027 |   1978 |     49 |     43 |   1457 |   4 |  506.8 |
       Ossuary |    377 |    377 |      0 |      0 |    146 |   1 |  377.0 |
               +--------+--------+--------+--------+--------+-----+--------+

Top non-repeatable levels by time:
     D:2: 708 daAuts
     D:1: 587 daAuts
     D:3: 546 daAuts
 Ossuary: 377 daAuts
     D:4: 184 daAuts
